 Dungeon Crawl Stone Soup version 0.31-a0-662-g684573625c (webtiles) character file.

Game seed: 9635782402684402470

65 Joey1 the Trooper (level 3, 0/34 HPs)
             Began as a Minotaur Fighter on Sept 1, 2023.
             Slain by Crazy Yiuf
             ... wielding a +2 quarterstaff of chaos
              (3 damage)
             ... on level 3 of the Dungeon.
             The game lasted 00:03:17 (1926 turns).

Joey1 the Trooper (Minotaur Fighter)                Turns: 1926, Time: 00:03:20

Health: 0/34       AC:  7    Str: 22    XL:     3   Next: 92%
Magic:  2/2        EV:  9    Int:  5    God:
Gold:   146        SH:  4    Dex:  9    Spells: 2/2 levels left

rFire   . . .        a - +0 war axe
rCold   . . .        c - +0 buckler
rNeg    . . .        b - +0 scale mail
rPois   .            (helmet restricted)
rElec   .            (no cloak)
rCorr   +            (no gloves)
SInv    .            (no boots)
Will    .....        (no amulet) Stlth
                     t - ring of resist corrosion
HPRegen 0.25/turn    (no ring)
MPRegen 0.08/turn

%: no passive effects
@: lethally poisoned (0 -> -5)
A: horns 2, retaliatory headbutt
a: no special abilities


You were on level 3 of the Dungeon.
You visited 1 branch of the dungeon, and saw 3 of its levels.

You collected 146 gold pieces.

Inventory:

Hand Weapons
 a - a +0 war axe (weapon)
Missiles
 u - 7 poisoned darts
Armour
 b - a +0 scale mail (worn)
 c - a +0 buckler (worn)
Jewellery
 t - a ring of resist corrosion (left hand)
Scrolls
 e - 3 scrolls of enchant armour {unknown}
 f - 2 scrolls of immolation {unknown}
 h - 2 scrolls of revelation {unknown}
 i - 5 scrolls of identify {unknown}
 o - 2 scrolls of teleportation {unknown}
 p - 2 scrolls of poison {unknown}
 s - a scroll of butterflies {unknown}
 v - a scroll of fear {unknown}
Potions
 d - a potion of might
 g - a potion of attraction {unknown}
 j - 2 potions of mutation {unknown}
 k - a potion of invisibility {unknown}
 l - a potion of brilliance {unknown}
 m - a potion of degeneration {unknown}
 n - 4 potions of curing {unknown}
 q - a potion of berserk rage {unknown}
 r - a potion of haste {unknown}
 w - a potion of lignification {unknown}


   Skills:
 + Level 4.4 Fighting
 + Level 3.4 Axes
 - Level 4.0 Armour
 + Level 4.3 Shields


You had 2 spell levels left.
You didn't know any spells.
Your spell library contained the following spells:

 Spells                   Type           Power      Damage    Failure   Level
 Iskenderun's Mystic Bla  Conj/Tloc      0%         2d3       100%        4
 Summon Mana Viper        Hex/Summ       0%         N/A       100%        5
 Summon Hydra             Summ           0%         N/A       100%        7


Dungeon Overview and Level Annotations

Branches:
Dungeon (3/15)

Altars:
Kikubaaqudgha

Annotations:
D:3 Crazy Yiuf


Innate Abilities, Weirdness & Mutations

You have a pair of horns on your head.
You reflexively headbutt those who attack you in melee.


Message History

No target in view!
No target in view!
No target in view!
You now have 135 gold pieces (gained 12).
n - 4 sedimented orange potions (gained 1)
Found a stone staircase leading up.
There is a stone staircase leading up here.
You now have 146 gold pieces (gained 11).
Key pressed, stopping explore.
You see here 5 stones.
You see here a +0 whip.
There is a stone staircase leading up here.
u - 7 poisoned darts (gained 3)
You see here a +0 hand axe.
There is a stone staircase leading down here.
Found 5 stones.
w - a yellow potion
Found an ancient bone altar of Kikubaaqudgha.
h - 2 scrolls labelled BAG EPUELOS (gained 1)
Things that are here:
a +0 dagger; 2 stones Could not explore, unopened runed door.
You open the door.
Crazy Yiuf cries, "Cake pizzabubble snail!"
You slash Crazy Yiuf!
Crazy Yiuf is heavily wounded.
You block Crazy Yiuf's attack.
You barely miss Crazy Yiuf.
Crazy Yiuf is heavily wounded.
Crazy Yiuf hits you with a +2 quarterstaff of chaos!
You are poisoned.
Crazy Yiuf hits you with a +2 quarterstaff of chaos!
Crazy Yiuf draws strength from your wounds!
You closely miss Crazy Yiuf.
Crazy Yiuf is heavily wounded.
You feel very sick.
Crazy Yiuf hits you with a +2 quarterstaff of chaos!
* * * LOW HITPOINT WARNING * * *
Crazy Yiuf burns you.
You die...

######### ........# .########
..########♣♣ ### ...........♣♣
♣♣#..)# ..####......♣♣♣♣@g...#
######### .## #.......♣..♣#...#
#.......# .######.....♣.♣♣♣ ###
#######.# ........##♣♣♣♣♣ #.#
..#####.# #######.# .######.###
###########.......#
..........####..<.....#........##
#####............##.....#........
#.########>...#..#.###.....##


You could see Crazy Yiuf.

Vanquished Creatures
  An adder (D:3)
  2 worms (D:2)
  3 dart slugs (D:2)
  2 endoplasms (D:2)
  3 giant cockroaches (D:3)
  3 goblins
  2 hobgoblins
  9 jackals
  4 kobolds
  A quokka (D:3)
  2 ball pythons
  4 bats
  2 frilled lizards
  2 rats (D:1)
40 creatures vanquished.

Notes
Turn   | Place    | Note
-------+----------+-------------------------------------------
     0 | D:1      | Joey1 the Minotaur Fighter began the quest for the Orb.
     0 | D:1      | Reached XP level 1. HP: 19/19 MP: 0/0
    43 | D:1      | Found a faded altar of an unknown god.
   328 | D:1      | Got Wocw's Enchiridion on Gathered Blasting
   470 | D:1      | Reached XP level 2. HP: 27/27 MP: 1/1
   793 | D:2      | Reached XP level 3. HP: 31/33 MP: 2/2
  1511 | D:3      | Found a runed translucent door.
  1512 | D:3      | Noticed Crazy Yiuf
  1865 | D:3      | Found an ancient bone altar of Kikubaaqudgha.
  1926 | D:3      | Slain by Crazy Yiuf

Illustrated notes

Levels and vault maps discovered:
D:1:      lightli_arrival_maybe_door_vault, layout_rooms,
          ebering_ecumenical_altar_sacrificial, minivault_19
D:2:      layout_basic
D:3:      layout_loops_ring, nicolae_overflow_hidden_temple,
          uniq_crazy_yiuf_cottage

Skill      XL: |  1  2 |
---------------+-------+-----
Armour         | 4 |  4.0
Fighting       | 4 |  4.4
Shields        | 4 |  4.3
Axes           | 3 |  3.4

Action                     || total
---------------------------++-------
  Melee: War axe           ||    99
         Headbutt          ||     9
 Armour: Scale mail        ||    63
  Dodge: Dodged            ||    51
  Block: Buckler           ||    21

Table legend: (Time is in decaauts)
 A = Elapsed time spent in this place.
 B = Non-inter-level travel time spent in this place.
 C = Inter-level travel time spent in this place.
 D = Time resting spent in this place.
 E = Time spent auto-exploring this place.
 F = Levels seen in this place.
 G = Mean time per level.
                   A        B        C        D        E       F      G
               +--------+--------+--------+--------+--------+-----+--------+
         Total |   1963 |   1918 |     45 |      0 |   1629 |   3 |  654.3 |
       Dungeon |   1963 |   1918 |     45 |      0 |   1629 |   3 |  654.3 |
               +--------+--------+--------+--------+--------+-----+--------+

Top non-repeatable levels by time:
     D:3: 726 daAuts
     D:2: 725 daAuts
     D:1: 511 daAuts
